 Dungeon Crawl Stone Soup version 0.30.0 (webtiles) character file.

Game seed: 1299411226403131242

2607 PiratePeteNZ the Protected (level 9, 0/78 HPs)
             Began as a Hill Orc Fighter on May 20, 2023.
             Was a Follower of Beogh.
             Slain by Erica
             ... wielding a +4 scimitar of flaming
              (1 damage)
             ... on level 8 of the Dungeon.
             The game lasted 00:22:28 (6262 turns).

PiratePeteNZ the Protected (Hill Orc Fighter)       Turns: 6262, Time: 00:22:28

Health: 0/78       AC: 19    Str: 21    XL:     9   Next: 59%
Magic:  9/9        EV: 10    Int:  8    God:    Beogh [*.....]
Gold:   443        SH:  0    Dex: 16    Spells: 8/8 levels left

rFire   . . .        I - +8 hammer
rCold   x . .        l - +0 kite shield
rNeg    . . .        n - +6 scale mail of the Plum {Dex+4}
rPois   +            o - +2 helmet
rElec   .            (no cloak)
rCorr   .            z - +0 pair of gloves
SInv    .            (no boots)
Will    .....        (no amulet) Stlth
                     e - ring of poison resistance
HPRegen 0.33/turn    (no ring)
MPRegen 0.11/turn

%: no passive effects
@: confused, ambrosia-drunk, slowed, very slow
A: cold vulnerability 1
a: Renounce Religion


You were on level 8 of the Dungeon.
You worshipped Beogh.
Beogh was aware of your devotion.
You visited 1 branch of the dungeon, and saw 8 of its levels.

You collected 443 gold pieces.

Inventory:

Hand Weapons
 c - the +1 hammer of the Disbelieving Gods {heavy, Fly rElec Str+5 Stlth+}
   (You found it on level 7 of the Dungeon)

   Str:       It affects your strength (+5).
   rElec:     It insulates you from electricity.
   Fly:       It grants you flight.
   Stlth:     It makes you more stealthy.
 h - a +6 dagger of draining
 I - a +8 hammer (weapon)
Missiles
 A - 16 poisoned darts
Armour
 l - a +0 kite shield (worn)
 n - the +6 scale mail of the Plum (worn) {Dex+4}
   (You acquired it on level 5 of the Dungeon)

   Dex:       It affects your dexterity (+4).
 o - a +2 helmet (worn)
 z - a +0 pair of gloves (worn)
Jewellery
 e - a ring of poison resistance (left hand)
Wands
 a - a wand of paralysis (8)
 B - a wand of acid (6) (quivered)
 E - a wand of polymorph (10)
Scrolls
 f - 3 scrolls of poison
 i - 2 scrolls of fear
 s - a scroll of silence
 t - 3 scrolls of vulnerability
 w - a scroll of amnesia
 x - a scroll of immolation
 y - 3 scrolls of magic mapping
 C - 3 scrolls of summoning
 F - a scroll of teleportation
Potions
 b - 2 potions of cancellation
 d - 4 potions of might
 g - 2 potions of lignification
 j - 3 potions of attraction
 m - 3 potions of mutation
 p - a potion of degeneration {unknown}
 q - 2 potions of flight
 r - 4 potions of curing
 u - a potion of resistance
 v - 2 potions of brilliance
 G - a potion of magic


   Skills:
 + Level 6.5 Fighting
 - Level 7.2 Short Blades
 + Level 4.3(4.5) Axes
 * Level 1.2(2.6) Maces & Flails
 + Level 1.0 Throwing
 + Level 8.3 Armour
 + Level 2.6 Dodging
 + Level 1.0 Stealth
 + Level 5.1 Shields
 + Level 0.2 Evocations


You had 8 spell levels left.
You didn't know any spells.
Your spell library contained the following spells:

 Spells                   Type           Power      Damage    Failure   Level
 Apportation              Tloc           0%         N/A       93%         1
 Foxfire                  Conj/Fire      0%         2x1d4     93%         1
 Blink                    Tloc           0%         N/A       98%         2
 Hailstorm                Conj/Ice       0%         3d3       100%        3
 Volatile Blastmotes      Fire/Tloc      0%         2d10      100%        3
 Fulminant Prism          Conj/Hex       0%         3d5       100%        4
 Ice Form                 Ice/Tmut       0%         N/A       100%        4
 Iskenderun's Mystic Bla  Conj/Tloc      0%         2d3       100%        4
 Manifold Assault         Tloc           0%         N/A       100%        4
 Alistair's Intoxication  Tmut/Pois      0%         N/A       100%        5
 Fireball                 Conj/Fire      0%         3d3       100%        5
 Iskenderun's Battlesphe  Conj           0%         2d6       100%        5
 Lee's Rapid Deconstruct  Erth           0%         3d4*      100%        5
 Summon Forest            Summ/Tloc      0%         N/A       100%        5
 Summon Mana Viper        Hex/Summ       0%         N/A       100%        5
 Conjure Ball Lightning   Conj/Air       0%         3x3d6     100%        6
 Plasma Beam              Fire/Air       0%         2x1d11    100%        6
 Simulacrum               Ice/Necr       0%         N/A       100%        6
 Starburst                Conj/Fire      0%         6d3       100%        6
 Summon Cactus Giant      Summ           0%         N/A       100%        6
 Orb of Destruction       Conj           0%         9d5       100%        7
 Storm Form               Tmut/Air       0%         N/A       100%        7


Dungeon Overview and Level Annotations

Branches:
Dungeon (8/15)             Temple (0/1) D:7
   Lair: D:8-11

Altars:
Dithmenos
Elyvilon
Sif Muna
Uskayaw
Vehumet
Yredelemnul
Zin

Shops:
D:1 :

Annotations:
D:6 3 runed translucent doors, Caterwaul's ghost, novice HuMo
D:8 Erica


Innate Abilities, Weirdness & Mutations

You are vulnerable to cold. (rC-)


Message History

The lance of force hits you!
You are knocked back by the lance of force.
You slam into the stone wall!
The shadow imp closely misses you. Something hits you. Something burns you.
You hear some strange, mumbled words.
A bolt of poison appears from out of thin air!
The bolt of poison hits you. You resist. The shadow imp barely misses you.
The shadow imp grinds its teeth.
You hit something. Something hits you!
* * * LOW HITPOINT WARNING * * *
Something burns you.
* * * LOW HITPOINT WARNING * * *
You hear some strange, mumbled words.
Something tries to affect you, but you resist.
You closely miss something. Something hits you.
* * * LOW HITPOINT WARNING * * *
Something burns you.
* * * LOW HITPOINT WARNING * * *
Something hits you but does no damage.
It was a potion of ambrosia.
You are confused.
You feel invigorated. Something hits you.
* * * LOW HITPOINT WARNING * * *
Something burns you.
* * * LOW HITPOINT WARNING * * *
Unknown command.
You bump into the stone wall.
Something hits you.
* * * LOW HITPOINT WARNING * * *
Something burns you.
* * * LOW HITPOINT WARNING * * *
You hear some strange, mumbled words.
A lance of force appears from out of thin air!
The lance of force hits you.
* * * LOW HITPOINT WARNING * * *
You are knocked back by the lance of force.
You slam into the stone wall!
You're too confused to move!
Something hits you!
* * * LOW HITPOINT WARNING * * *
Something burns you.
You die...

##########
.........#
.........##
..........######
.............>.#
.........###..##
.........####.###
..........##...@#
#########.##.##{##
#....##5.#
###......#
####.....####).
................
................
###............$
#.#.##....##..


You could see a shadow imp.

Vanquished Creatures
  Pikel (D:5)
  Menkaure (D:7)
  2 sky beasts (D:7)
  An ice beast (D:5)
  A black bear (D:4)
  2 ogres
  4 lemures (D:5)
  A phantom (D:5)
  A kobold brigand (D:6)
  3 bullfrogs
  2 scorpions
  3 howler monkeys
  7 hounds
  4 jellies
  An orc priest (D:5)
  3 sleepcaps
  Crazy Yiuf (D:7)
  Ijyb (D:4)
  A human skeleton (D:6)
  5 iguanas
  3 orc wizards
  6 adders
  5 gnolls
  A shadow imp (D:7)
  2 white imps
  2 worms (D:2)
  4 dart slugs
  18 orcs
  7 ball pythons
  6 bats
  4 endoplasms
  2 giant cockroaches
  7 goblins
  6 hobgoblins
  3 jackals (D:4)
  5 quokkas
  4 frilled lizards
  A goblin skeleton (D:6)
  11 kobolds
  2 rats
  A spectral hobgoblin (D:3)
145 creatures vanquished.

Vanquished Creatures (others)
  An orc priest (D:4)
  A gnoll (D:4)
  2 orcs (D:4)
  A quokka (D:4)
5 creatures vanquished.

Grand Total: 150 creatures vanquished

Notes
Turn   | Place    | Note
-------+----------+-------------------------------------------
     0 | D:1      | PiratePeteNZ the Hill Orc Fighter began the quest for the
                  | Orb.
     0 | D:1      | Reached XP level 1. HP: 19/19 MP: 1/1
   135 | D:1      | Reached XP level 2. HP: 27/27 MP: 2/2
   227 | D:1      | Found Zaserph's Vocational Training.
   363 | D:1      | Reached XP level 3. HP: 33/33 MP: 3/3
   772 | D:2      | Reached XP level 4. HP: 40/40 MP: 4/4
   775 | D:2      | Reached skill level 4 in Armour
  1480 | D:3      | Found a hide-covered altar of Uskayaw.
  1551 | D:3      | Reached XP level 5. HP: 47/47 MP: 5/5
  1639 | D:3      | Found a shimmering blue altar of Sif Muna.
  1825 | D:3      | Found a faded altar of an unknown god.
  1937 | D:3      | Reached skill level 1 in Short Blades
  2125 | D:4      | Became a worshipper of Beogh the Brigand
  2291 | D:4      | Noticed an ogre
  2299 | D:4      | Reached XP level 6. HP: 33/53 MP: 6/6
  2488 | D:4      | Noticed a black bear
  2501 | D:4      | Killed a black bear
  2502 | D:4      | Reached skill level 5 in Armour
  2502 | D:4      | Reached XP level 7. HP: 56/60 MP: 7/7
  2574 | D:4      | Found a shadowy altar of Dithmenos.
  2877 | D:4      | Found a radiant altar of Vehumet.
  2877 | D:4      | Found a white marble altar of Elyvilon.
  2966 | D:4      | Noticed Ijyb
  2984 | D:4      | Killed Ijyb
  2985 | D:4      | Reached skill level 5 in Fighting
  3118 | D:5      | Entered Level 5 of the Dungeon
  3136 | D:5      | Reached skill level 1 in Dodging
  3178 | D:5      | Noticed Pikel
  3242 | D:5      | Killed Pikel
  3243 | D:5      | Reached skill level 5 in Short Blades
  3243 | D:5      | Reached skill level 6 in Armour
  3243 | D:5      | Reached XP level 8. HP: 23/69 MP: 8/8
  3254 | D:5      | Identified a scroll of acquirement
  3256 | D:5      | Acquired the +6 scale mail of the Plum {Dex+4}
  3991 | D:5      | Reached skill level 7 in Armour
  4664 | D:6      | Reached XP level 9. HP: 75/75 MP: 9/9
  4666 | D:6      | Reached * piety under Beogh
  4767 | D:6      | Gained mutation: You are vulnerable to cold. (rC-) [potion
                  | of mutation]
  4995 | D:6      | Found a runed translucent gate.
  4996 | D:6      | Found a runed translucent gate.
  4996 | D:6      | Noticed Caterwaul's ghost (novice HuMo)
  4998 | D:6      | Found a runed translucent gate.
  5066 | D:6      | Found a runed translucent door.
  5093 | D:6      | Found a basalt altar of Yredelemnul.
  5172 | D:7      | Identified the +1 ring mail of the Fife {rC+ rN++ Dex+3
                  | Stlth-}
  5404 | D:7      | Found a staircase to the Ecumenical Temple.
  5444 | D:7      | Noticed Menkaure
  5453 | D:7      | Killed Menkaure
  5454 | D:7      | Reached skill level 8 in Armour
  5594 | D:7      | Reached skill level 5 in Shields
  5747 | D:7      | Found a glowing silver altar of Zin.
  6042 | D:7      | Reached skill level 1 in Throwing
  6042 | D:7      | Reached skill level 1 in Stealth
  6178 | D:7      | Found a runed translucent door.
  6179 | D:7      | Noticed Crazy Yiuf
  6184 | D:7      | Killed Crazy Yiuf
  6185 | D:7      | Reached skill level 1 in Maces & Flails
  6187 | D:7      | Identified the +1 hammer of the Disbelieving Gods {heavy,
                  | Fly rElec Str+5 Stlth+}
  6247 | D:8      | Noticed Erica
  6261 | D:8      | HP: 3/78 [something/lance of force (4)]
  6262 | D:8      | HP: 1/78 [something (9)]
  6262 | D:8      | Slain by Erica

Illustrated notes

Levels and vault maps discovered:
D:1:      dpeg_arrival_round_c, layout_rooms, minmay_misc_feat_encased,
          nicolae_shop_vocational
D:2:      layout_loops_cross, chequers_jeans, serial_bayou_pond_b,
          hangedman_abyss_or_decor_stabs, st_stairs_14,
          chequers_serial_rivers_micro_a, minmay_misc_feat_roman
D:3:      layout_basic, mainiacjoe_overflow_tiny_flanked,
          eat_drink_and_be_merry_uskayaw, serial_curves, eino_curves_03,
          eino_curves_03, dreamdust_ecumenical_altar_drowned_temple,
          kennysheep_generic_room_9
D:4:      layout_basic, nicolae_dithmenos_the_darkroom,
          chequers_temple_overflow_statue_of_worship, st_stairs_12, uniq_ijyb
D:5:      minmay_opposing_rooms, layout_layer_cave, chequers_ossuary_entry_cave,
          uniq_pikel
D:6:      layout_loops_ring, trog_wizard, dk_yredelemnul_ordeal,
          biasface_ghost_orc_armoury
D:7:      layout_basic, zin_statuary, minmay_temple_entry_ruins,
          nicolae_sextant, uniq_menkaure, uniq_crazy_yiuf_cottage
D:8:      layout_rooms, uniq_erica

Skill      XL: |  1  2  3  4  5  6  7  8  9 |
---------------+----------------------------+-----
Axes           | 3 4 |  4.3
Fighting       | 4 5 6 |  6.5
Armour         | 4 5 6 7 8 |  8.3
Shields        | 4 5 |  5.1
Short Blades   | 2 3 5 6 7 |  7.2
Dodging        | 1 2 |  2.6
Throwing       | 1 |  1.0
Stealth        | 1 |  1.0
Maces & Flails | 1 |  1.2
Evocations     | |  0.2

Action                     |  1- 3 |  4- 6 |  7- 9 || total
---------------------------+-------+-------+-------++-------
  Melee: War axe           |    23 |       |       ||    23
         Dagger            |    40 |   126 |   324 ||   490
         Mace              |       |       |    19 ||    19
  Throw: Dart              |       |       |    11 ||    11
 Invoke: Convert to Beogh  |       |     1 |       ||     1
  Evoke: Wand              |       |       |     4 ||     4
    Use: Scroll            |       |       |    18 ||    18
         Potion            |       |       |     7 ||     7
 Armour: Scale mail        |    25 |    54 |    86 ||   165
         Ring mail         |       |       |    17 ||    17
  Dodge: Dodged            |    20 |    32 |    82 ||   134
  Block: Buckler           |    11 |    21 |    24 ||    56
         Kite shield       |       |       |    20 ||    20
